Map: Newkirk Precinct TE (Void)

Players

Pelden - Winner!

  • Race: Zerg Zerg
  • Spawn Location: 5:00

Loken

  • Race: Protoss Protoss
  • League: Platinum
  • Spawn Location: 7:00

VOD

Have the link to the VOD?

Description

Time

  • Played on: April 7, 2017, 2:36 p.m.
  • Length: 13:45
Show
View Real Time Build Order
Export as new Build Order

Pelden Zerg - Winner!

Build Orders: Hatch First 

Get SALT Encoding   

  12  0:01  Drone  
  13  0:13  Overlord  
  13  0:18  Drone  
  14  0:31  Drone x2  
  16  0:37  Drone  
  17  0:54  Hatchery  
  16  0:57  Drone  
  17  1:11  Spawning Pool  
  17  1:15  Drone  
  17  1:25  Drone x2  
  19  1:31  Extractor  
  19  1:32  Overlord  
  18  1:43  Drone  
  19  1:51  Drone  
  20  2:00  Queen  
  22  2:09  Queen, Drone  
  22  2:12  Drone x2  
  27  2:23  Roach Warren  
  27  2:24  Drone  
  27  2:27  Drone  
  27  2:28  Drone  
  29  2:59  Drone  
  29  3:05  Drone x2  
  32  3:20  Drone x2  
  32  3:21  Overlord  
  32  3:22  Overlord  
  32  3:23  Drone  
  32  3:25  Lair  
  32  3:26  Hatchery  
  34  3:31  Drone x2  
  36  3:38  Overlord  
  36  3:41  Drone x2  
  38  3:47  Drone  
  39  3:49  Extractor  
  38  4:00  Drone x2  
  40  4:03  Drone  
  40  4:05  Drone, Extractor  
  40  4:08  Roach x2  
  40  4:09  Roach x2  
  49  4:17  Roach  
  49  4:19  Roach  
  53  4:25  Overlord  
  53  4:29  Glial Reconstitution  
  53  4:33  Drone x2  
  53  4:34  Evolution Chamber  
  54  4:47  Drone x3  
  54  4:48  Drone  
  54  4:52  Drone  
  59  4:56  Queen  
  59  4:57  Overlord x2  
  59  4:59  Roach x2  
  65  5:07  Zerg Missile Weapons Level 1  
  65  5:15  Drone  
  65  5:16  Drone  
  65  5:19  Roach x5, Overlord x2  
  77  5:32  Drone x2  
  83  5:35  Roach x2  
  83  5:36  Roach x2  
  83  5:51  Roach x2  
  83  5:52  Roach x3  
  87  6:01  Roach x2  
  86  6:15  Hatchery  
  81  6:21  Roach x2  
  81  6:22  Roach x3  
  91  6:36  Drone x2  
  93  6:41  Roach x3  
  99  6:47  Overlord  
  95  7:03  Roach  
  95  7:04  Roach x2  
  93  7:15  Roach x3  
  93  7:16  Roach x2  
  95  7:22  Roach  
  95  7:23  Roach x2, Drone  
  92  7:37  Roach x4  
  92  7:38  Drone  
  89  7:57  Drone x2  
  89  7:58  Drone x3  
  92  7:59  Extractor  
  92  8:00  Hatchery  
  90  8:06  Drone x2  
  90  8:07  Spine Crawler  
  90  8:12  Roach x3  
  97  8:15  Zerg Ground Armor Level 1  
  97  8:25  Drone x2  
  97  8:26  Extractor  
  98  8:31  Roach  
  98  8:32  Roach x2  
  104  8:36  Drone x3  
  104  8:41  Drone x3  
  110  8:52  Drone x2  
  110  8:53  Queen  
  114  8:56  Overlord x5  
  114  9:00  Tunneling Claws  
  114  9:05  Infestation Pit  
  114  9:07  Overlord x2  
  114  9:08  Overlord  
  113  9:14  Spore Crawler  
  112  9:18  Roach x8  
  128  9:49  Roach x6  
  128  9:50  Roach x7  
  154  10:03  Spine Crawler  
  154  10:04  Roach x2, Overlord x2  
  157  10:08  Zerg Missile Weapons Level 2  
  153  10:28  Roach  
  139  10:29  Roach x6  
  139  10:47  Roach x4  
  147  10:53  Hydralisk Den  
  147  10:55  Hive  
  146  10:58  Drone x2  
  146  11:02  Extractor  
  147  11:11  Roach x4  
  151  11:12  Roach  
  151  11:43  Roach  
  151  11:44  Roach x7  
  167  11:49  Overseer  
  167  11:54  Spine Crawler  
  167  11:55  Drone  
  167  11:57  Extractor  
  166  12:03  Hydralisk  
  166  12:04  Hydralisk x3  
  156  12:29  Hydralisk x7  
  150  12:38  Drone x2  
  150  12:42  Drone, Extractor  
  144  12:47  Queen  
  136  13:05  Overlord, Hydralisk  
  136  13:06  Hydralisk x3  
  144  13:16  Drone, Spire  
  144  13:19  Drone  
Show
View Real Time Build Order
Export as new Build Order

Loken Protoss 

Build Orders:  

Get SALT Encoding   

  12  0:01  Probe (Chrono Boost)  
  13  0:11  Probe (Chrono Boost)  
  14  0:22  Probe (Chrono Boost)  
  14  0:28  Pylon  
  15  0:46  Probe (Chrono Boost)  
  15  0:47  Gateway  
  16  0:53  Gateway  
  16  0:57  Probe (Chrono Boost)  
  17  1:03  Pylon  
  17  1:08  Probe (Chrono Boost)  
  18  1:11  Assimilator  
  18  1:19  Probe (Chrono Boost)  
  19  1:30  Probe (Chrono Boost)  
  20  1:42  Cybernetics Core, Zealot x2  
  24  1:48  Probe (Chrono Boost)  
  25  1:58  Probe (Chrono Boost)  
  26  2:09  Zealot x2  
  26  2:10  Probe (Chrono Boost)  
  26  2:13  Assimilator  
  31  2:19  Pylon  
  31  2:21  Warp Gate  
  31  2:31  Pylon  
  31  2:42  Stalker  
  31  2:43  Stalker  
  34  3:00  Probe (Chrono Boost)  
  35  3:09  Robotics Facility  
  35  3:11  Probe (Chrono Boost)  
  36  3:15  Stalker  
  38  3:21  Stalker  
  40  3:45  Stalker  
  42  3:51  Stalker  
  44  4:02  Pylon  
  44  4:20  Immortal  
  44  4:22  Pylon  
  48  4:30  Stalker  
  48  4:31  Stalker  
  52  4:49  Nexus  
  52  4:57  Sentry  
  52  4:58  Sentry  
  56  5:38  Stalker x2  
  52  6:02  Stalker  
  52  6:04  Stalker  
  40  6:21  Probe (Chrono Boost)  
  39  6:27  Mothership Core (Chrono Boost)  
  39  6:28  Immortal  
  39  6:32  Probe (Chrono Boost)  
  46  6:35  Stalker x2  
  50  6:42  Probe (Chrono Boost)  
  50  6:45  Probe (Chrono Boost)  
  52  6:53  Probe (Chrono Boost)  
  53  6:56  Probe (Chrono Boost)  
  53  6:58  Gateway  
  53  6:59  Gateway  
  52  7:04  Probe (Chrono Boost)  
  52  7:06  Probe (Chrono Boost)  
  50  7:13  Stalker x2  
  46  7:21  Probe (Chrono Boost)  
  47  7:23  Probe (Chrono Boost)  
  47  7:26  Immortal  
  52  7:32  Probe (Chrono Boost)  
  52  7:34  Probe (Chrono Boost)  
  50  7:38  Stalker x2  
  48  8:05  Stalker x3, Immortal  
  56  8:11  Assimilator  
  58  8:20  Stalker  
  60  8:34  Probe (Chrono Boost)  
  60  8:36  Probe (Chrono Boost)  
  62  8:43  Stalker x3  
  62  8:45  Probe (Chrono Boost)  
  62  8:46  Stalker, Probe (Chrono Boost)  
  73  8:55  Probe (Chrono Boost)  
  73  9:09  Warp Prism  
  75  9:21  Pylon  
  75  9:24  Pylon  
  75  9:25  Pylon  
  75  9:30  Assimilator  
  74  9:49  Stalker  
  74  9:50  Stalker x3  
  82  10:08  Stargate  
  82  10:09  Stargate  
  82  10:18  Stalker x4  
  44  10:55  Stalker x4  
  52  11:02  Void Ray  
  52  11:03  Void Ray  
  30  11:39  Void Ray  
  29  11:46  Zealot x2, Void Ray  
  20  12:49  Probe (Chrono Boost)  
  21  13:01  Probe (Chrono Boost)  
  21  13:03  Pylon  
Tags
 
Add a new tag
Caveats
  • Supply blocks, unpowered buildings, or Contaminate may cause inaccurate times.
  • Supply counts are checked every 10 seconds.